 Dungeon Crawl Stone Soup version 0.30-a0-57-g8b159a9891 (webtiles) character file.

Game seed: 1020594223316092612

2639 Majang the Cleaver (level 10, -1/92 HPs)
             Began as a Meteoran Fighter on Sept 12, 2022.
             Was a Follower of Okawaru.
             Slain by a fire elemental (4 damage)
             ... created by the fiery vengeance of Ignis
             ... on level 7 of the Dungeon.
             The game lasted 00:23:20 (2670 turns).

Majang the Cleaver (Meteoran Fighter)               Turns: 2670, Time: 00:23:20

Health: -1/92      AC: 26    Str: 29    XL:     10   Next: 14%
Magic:  9/11       EV: 12    Int: 10    God:    Okawaru [*.....]
Gold:   275        SH:  7    Dex: 13    Spells: 9/9 levels left

rFire   . . .      SeeInvis .    a - +0 war axe
rCold   . . .      Faith    .    c - +0 buckler
rNeg    . . .      Spirit   .    o - +0 plate armour
rPois   .          Reflect  .    (no helmet)
rElec   .          Harm     .    n - +2 cloak
rCorr   .          Rampage  .    (no gloves)
Will    +....                    g - +1 pair of boots
Stlth   ..........               (no amulet)
HPRegen 0.25/turn                i - +6 ring of strength
MPRegen 0.12/turn                A - +4 ring of protection

@: heroic, glowing, fire susceptible
A: sense surroundings 2, otherworldly, glowing, explore regen, hooves 1, robust
1, shaggy fur 1
a: Renounce Religion, Heroism


You were on level 7 of the Dungeon.
You worshipped Okawaru.
Okawaru was aware of your devotion.
You visited 2 branches of the dungeon, and saw 8 of its levels.

You collected 275 gold pieces.

Inventory:

Hand Weapons
 a - a +0 war axe (weapon)
Armour
 c - a +0 buckler (worn)
 g - a +1 pair of boots (worn)
 n - a +2 cloak (worn)
 o - a +0 plate armour (worn)
Jewellery
 i - a +6 ring of strength (left hand)
 l - a ring of see invisible
 m - a ring of protection from cold
 p - a +6 ring of strength
 A - a +4 ring of protection (right hand)
Wands
 u - a wand of digging (14)
 x - a wand of iceblast (22)
 y - a wand of mindburst (19)
Scrolls
 b - a scroll of summoning
 d - a scroll of blinking
 e - 2 scrolls of enchant armour
 k - a scroll of poison
Potions
 f - a potion of haste
 h - 4 potions of mutation
 j - 3 potions of lignification
 s - 2 potions of cancellation


   Skills:
 + Level 6.5(11.5) Fighting
 * Level 9.3(14.3) Axes
 + Level 7.3(12.3) Armour
 + Level 5.8(10.8) Dodging
 + Level 7.2(12.2) Shields
 + Level 0.1 Invocations
 + Level 0.1 Evocations


You had 9 spell levels left.
You didn't know any spells.
Your spell library contained the following spells:

 Spells                   Type           Power      Damage    Failure   Level
 Slow                     Hex            0%         N/A       96%         1
 Confusing Touch          Hex            0%         N/A       100%        3
 Vampiric Draining        Necr           0%         2d6       100%        3


Dungeon Overview and Level Annotations

Branches:
Dungeon (7/15) Zot: 1571   Temple (1/1) D:6 Zot: 467

Altars:
Ashenzari
Cheibriados
Dithmenos
Elyvilon
Fedhas
Hepliaklqana
Kikubaaqudgha
Nemelex Xobeh
Okawaru
Qazlal
Ru
Uskayaw
Vehumet
Wu Jian
Yredelemnul
Zin
The Shining One
Ignis


Innate Abilities, Weirdness & Mutations

You passively map the area around you.
You are easily found by Zot.
You glow in the dark.
You regain HP and MP as you explore.
You have large cloven feet.
You are robust. (+10% HP)
You are covered in fur. (AC +1)


Message History

You slash the ufetubus!
You kill the ufetubus!
Okawaru accepts your kill. "Attack, my last stalwart servants!" 3 fire elementals come into view.
You hit the fire elemental but do no damage.
You slash the fire elemental! You hit the fire elemental.
You closely miss the fire elemental. You hit the fire elemental.
You closely miss the fire elemental. The fire elemental hits you.
The fire elemental burns you! The fire elemental hits you.
The fire elemental burns you! The fire elemental hits you.
The fire elemental burns you!
Unknown command.
Okay, then.
You gain the combat prowess of a mighty hero.
The fire elemental hits you. The fire elemental burns you!
The fire elemental hits you. The fire elemental burns you!
The fire elemental hits you. The fire elemental burns you!
The fire elemental hits you. The fire elemental burns you!
The fire elemental hits you. The fire elemental burns you!
The fire elemental hits you. The fire elemental burns you!
You slash the fire elemental!
The fire elemental is heavily damaged.
You barely miss the fire elemental.
You hit the fire elemental but do no damage.
The fire elemental hits you. The fire elemental burns you!
* * * LOW HITPOINT WARNING * * *
You block the fire elemental's attack. The fire elemental hits you.
The fire elemental burns you!
* * * LOW HITPOINT WARNING * * *
The fire elemental hits you. The fire elemental burns you!
* * * LOW HITPOINT WARNING * * *
The fire elemental hits you. The fire elemental burns you!
* * * LOW HITPOINT WARNING * * *
The fire elemental completely misses you.
You hit the fire elemental.
The fire elemental is heavily damaged.
You slash the fire elemental! You closely miss the fire elemental.
The fire elemental hits you. The fire elemental burns you!
You die...

###### #####....# ###
#......#.# ##.##
#......#.# ##...# #
#......#.### ##....##.
#.....E..#.####....)#..
#.....@....##...#.#...#
#..###EE....##..##.....
##..............##.....
#####.....###.###.##..
#....###.....>.... ,
#.............##... **
#.....###.....####. ,,
,,* ,.......#
#.........# * , ,
........#.#......##..


You could see 3 fire elementals.

Vanquished Creatures
  Grinder (D:4)
  Sigmund (D:5)
  2 fire elementals (D:6)
  A steam dragon (D:6)
  Menkaure (D:5)
  2 water moccasins
  2 orc warriors (D:6)
  A sky beast (D:5)
  4 ogres
  2 phantoms (D:5)
  A centaur (D:5)
  A bullfrog (D:6)
  A scorpion (D:7)
  4 necrophages
  A quasit (D:7)
  2 jellies
  An orc priest (D:5)
  A gnoll bouda (D:6)
  2 hounds
  Crazy Yiuf (D:3)
  Ijyb (D:4)
  3 iguanas
  Natasha (twice) (D:4)
  An orc wizard (D:4)
  3 adders
  7 gnolls
  A shadow imp (D:7)
  3 white imps
  2 ufetubi
  2 worms (D:2)
  2 dart slugs
  8 orcs
  4 bats
  8 endoplasms
  4 giant cockroaches
  6 goblins
  3 hobgoblins
  9 jackals
  9 kobolds
  4 quokkas
  4 ball pythons
  A frilled lizard (D:3)
  9 rats
128 creatures vanquished.

Notes
Turn   | Place    | Note
-------+----------+-------------------------------------------
     0 | D:1      | Majang the Meteoran Fighter began the quest for the Orb.
     0 | D:1      | Reached XP level 1. HP: 19/19 MP: 2/2
    59 | D:1      | Reached XP level 2. HP: 26/26 MP: 3/3
   208 | D:1      | Reached skill level 3 in Axes
   281 | D:1      | Reached XP level 3. HP: 26/31 MP: 4/4
   347 | D:2      | Reached skill level 1 in Dodging
   357 | D:2      | Reached XP level 4. HP: 37/38 MP: 5/5
   478 | D:2      | Found a faded altar of an unknown god.
   483 | D:2      | Prayed at the altar of an unknown god.
   483 | D:2      | Became a worshipper of Ignis, the Dying Flame
   618 | D:3      | Found a broken altar of Ashenzari.
   676 | D:3      | Found a runed translucent door.
   677 | D:3      | Noticed Crazy Yiuf
   684 | D:3      | Gained mutation: You are robust. (+10% HP) [potion of
                  | mutation]
   684 | D:3      | Gained mutation: You are covered in fur. (AC +1) [potion of
                  | mutation]
   684 | D:3      | Gained mutation: You have large cloven feet. [potion of
                  | mutation]
   688 | D:3      | Killed Crazy Yiuf
   689 | D:3      | Reached XP level 5. HP: 20/50 MP: 6/6
   749 | D:4      | Noticed Natasha
   753 | D:4      | Reached skill level 4 in Axes
   762 | D:4      | Killed Natasha
   786 | D:4      | Noticed an ogre
   791 | D:4      | Killed an ogre
   792 | D:4      | Reached XP level 6. HP: 57/57 MP: 7/7
   897 | D:4      | Noticed Grinder
   913 | D:4      | Killed Grinder
   914 | D:4      | Reached skill level 5 in Axes
   914 | D:4      | Reached skill level 5 in Armour
   914 | D:4      | Reached skill level 5 in Shields
   914 | D:4      | Reached XP level 7. HP: 20/66 MP: 8/8
  1049 | D:4      | Noticed Ijyb
  1069 | D:4      | Killed Ijyb
  1241 | D:4      | Noticed Natasha
  1249 | D:4      | Killed Natasha
  1500 | D:5      | Entered Level 5 of the Dungeon
  1500 | D:5      | Noticed Menkaure
  1501 | D:5      | Noticed a water moccasin
  1504 | D:5      | Killed a water moccasin
  1505 | D:5      | Reached skill level 6 in Axes
  1505 | D:5      | Reached XP level 8. HP: 57/73 MP: 9/9
  1510 | D:5      | Killed Menkaure
  1511 | D:5      | Reached skill level 5 in Fighting
  1520 | D:5      | Noticed Sigmund
  1529 | D:5      | Reached skill level 7 in Axes
  1533 | D:5      | Gained mutation: You passively map the area around you.
                  | [Meteoran growth]
  1533 | D:5      | Reached XP level 9. HP: 42/81 MP: 10/10
  1559 | D:5      | Killed Sigmund
  1635 | D:5      | Reached skill level 8 in Axes
  1678 | D:5      | Reached skill level 5 in Dodging
  2047 | D:6      | Found a staircase to the Ecumenical Temple.
  2058 | Temple   | Entered the Ecumenical Temple
  2168 | Temple   | Fell from the grace of Ignis
  2168 | Temple   | Became a worshipper of Warmaster Okawaru
  2230 | D:5      | Noticed a rust devil
  2230 | D:5      | Noticed a rust devil
  2382 | D:6      | Reached skill level 9 in Axes
  2382 | D:6      | Reached XP level 10. HP: 71/92 MP: 11/11
  2483 | D:6      | Reached * piety under Okawaru
  2669 | D:7      | HP: 3/92 [fire elemental[the fiery vengeance of Ignis]
                  | (11)]
  2670 | D:7      | Slain by a fire elemental

Illustrated notes

Levels and vault maps discovered:
D:1:      dpeg_arrival_stone_temple_mockup, layout_rooms
D:2:      minmay_angry_zag, layout_loops_ring, shapermc_ecumenical_altar_petra
D:3:      layout_basic, cheibrodos_ashenzari_chains, uniq_crazy_yiuf_cottage
D:4:      layout_basic, lemuel_doored_altar, minmay_pentangle, uniq_natasha,
          uniq_grinder, uniq_ijyb
D:5:      cheibrodos_iron_armory, layout_cave_pools,
          nicolae_kite_square_tiling_tiny, uniq_menkaure, uniq_sigmund
D:6:      layout_cave_pods, minmay_temple_entry_drinking_statues
D:7:      layout_cave_pools, serial_demonic, serial_demonic_a, serial_demonic_g,
          serial_demonic_f, serial_demonic_a
Temple:   regret_index_temple_sphere_string

Skill      XL: |  1  2  3  4  5  6  7  8  9 |
---------------+----------------------------+-----
Axes           | 3 4 5 6 7 9 |  9.3
Dodging        | 1 2 3 4 5 |  5.8
Shields        | 4 5 6 7 |  7.2
Armour         | 4 5 6 7 |  7.3
Fighting       | 4 5 6 |  6.5
Invocations    | |  0.1
Evocations     | |  0.1

Action                   |  1- 3 |  4- 6 |  7- 9 | 10-12 || total
-------------------------+-------+-------+-------+-------++-------
Melee: War axe           |    61 |   102 |   162 |    61 ||   386
Invok: Fiery Armour      |       |     1 |       |       ||     1
       Heroism           |       |       |       |     1 ||     1
Evoke: Wand              |       |       |     2 |       ||     2
  Use: Potion            |       |     3 |     1 |       ||     4
       Scroll            |       |       |    11 |     1 ||    12
Armor: Scale mail        |    36 |    22 |       |       ||    58
       Plate armour      |       |    50 |   125 |    72 ||   247
Dodge: Dodged            |    22 |    53 |    63 |    32 ||   170
Block: Buckler           |    22 |    24 |    47 |    29 ||   122

Table legend: (Time is in decaauts)
 A = Elapsed time spent in this place.
 B = Non-inter-level travel time spent in this place.
 C = Inter-level travel time spent in this place.
 D = Time resting spent in this place.
 E = Time spent auto-exploring this place.
 F = Levels seen in this place.
 G = Mean time per level.
                   A        B        C        D        E       F      G
               +--------+--------+--------+--------+--------+-----+--------+
         Total |   2760 |   2684 |     76 |      0 |      0 |   8 |  345.0 |
       Dungeon |   2627 |   2551 |     76 |      0 |      0 |   7 |  375.3 |
        Temple |    132 |    132 |      0 |      0 |      0 |   1 |  132.0 |
               +--------+--------+--------+--------+--------+-----+--------+

Top non-repeatable levels by time:
     D:4: 775 daAuts
     D:6: 621 daAuts
     D:5: 371 daAuts
     D:1: 299 daAuts
     D:2: 257 daAuts
     D:3: 239 daAuts
  Temple: 132 daAuts
     D:7: 64 daAuts
